 Dungeon Sprint DCSS version 0.30.1-11-g7821555f0a (webtiles) character file.

Game seed: 17463694338921976507

845 Heoruswealwe the Spear-Bearer (level 7, -6/73 HPs)
             Began as a Minotaur Fighter on Nov 7, 2023.
             Was an Initiate of Gozag.
             Mangled by a troll (10 damage)
             ... in the Dungeon (Sprint IX: "|||||||||||||||||||||||||||||").
             The game lasted 00:01:19 (134 turns).

Heoruswealwe the Spear-Bearer (Minotaur Fighter)     Turns: 134, Time: 00:01:22

Health: -6/73      AC:  8    Str: 22    XL:     7   Next: 68%
Magic:  6/6        EV: 10    Int:  5    God:    Gozag
Gold:   0          SH:  0    Dex: 10    Spells: 6/6 levels left

rFire   . . .        b - +2 halberd (venom)
rCold   . . .        (shield currently unavailable)
rNeg    . . .        c - +0 scale mail
rPois   .            (helmet restricted)
rElec   .            (no cloak)
rCorr   .            (no gloves)
SInv    .            (no boots)
Will    .....        (no amulet) Stlth
                     (no ring)
HPRegen 0.32/turn    (no ring)
MPRegen 0.10/turn

%: no teleportation
@: gold aura
A: horns 2, retaliatory headbutt
a: Renounce Religion, Potion Petition, Call Merchant, Bribe Branch


You were in the Dungeon.
You worshipped Gozag.
Gozag was noncommittal.
You visited 1 branch

Inventory:

Hand Weapons
 a - a +0 trident
 b - a +2 halberd of venom (weapon)
Armour
 c - a +0 scale mail (worn)
 d - a +0 buckler
Jewellery
 l - a +2 ring of evasion
 m - a +3 ring of strength
Wands
 h - a wand of iceblast (10)
Scrolls
 j - 2 scrolls of blinking
Potions
 e - 4 potions of curing
 f - a potion of heal wounds
 g - a potion of haste
 i - a potion of berserk rage
 k - a potion of might


   Skills:
 + Level 10.8 Fighting
 * Level 14.3 Polearms
 + Level 10.8 Armour
 - Level 3.6 Shields


You had 6 spell levels left.
You didn't know any spells.
Your spell library was empty.

Dungeon Overview and Level Annotations

Branches:
Dungeon (1/1)

Altars:
Cheibriados
Dithmenos
Elyvilon
Fedhas
Gozag
Hepliaklqana
Kikubaaqudgha
Makhleb
Nemelex Xobeh
Okawaru
Qazlal
Ru
Sif Muna
Trog
Uskayaw
Vehumet
Wu Jian
Xom
Yredelemnul
Zin
The Shining One
Jiyva
Lugonu


Innate Abilities, Weirdness & Mutations

You have a pair of horns on your head.
You reflexively headbutt those who attack you in melee.


Message History

Your Fighting skill increases to level 10!
Your Polearms skill increases to level 13!
Your Armour skill increases to level 10!
You have reached level 7!
Reach: b) +2 halberd (venom)
Press: ? - help, Dir - move target, f - hornet
Aim: a hornet (about 47% to evade your +2 halberd of venom)
You reach to attack!
You hit the hornet.
The hornet is poisoned.
The hornet is no longer distracted by gold.
The hornet is lightly wounded.
The hornet stings you but does no damage.
You barely miss the hornet.
The hornet is moderately wounded.
The centaur is no longer distracted by gold.
The hornet stings you but does no damage.
You puncture the hornet!
The hornet looks as sick as possible!
The hornet is severely wounded.
The hornet stings you!
You feel yourself slow down.
You slash the hornet!
You kill the hornet!
Your Polearms skill increases to level 14!
You hit the troll but do no damage.
The troll is poisoned.
You feel yourself speed up. The troll bites you.
* * * LOW HITPOINT WARNING * * *
The troll completely misses you. The troll claws you.
* * * LOW HITPOINT WARNING * * *
You hit the troll.
The troll looks as sick as possible!
Your headbutt misses the troll.
The troll is lightly wounded.
The troll barely misses you. x2; The troll claws you.
* * * LOW HITPOINT WARNING * * *
You slash the troll!
The troll looks as sick as possible!
You headbutt the troll.
The troll is heavily wounded.
The troll bites you!
* * * LOW HITPOINT WARNING * * *
The troll claws you!
You die...
Your body crumbles into a pile of gold. $$$$$ $ $ $ $$$$$ $$$$$$ $ $$ ▓▓▓▓▓▓▓▓▓▓▓▓▓▓▓▓▓▓▓▓▓▓▓▓ .....cT@.[[[.)?!'_______ ▓▓▓▓▓▓▓▓▓▓▓▓▓▓▓▓▓▓▓▓▓▓▓▓

You could see a troll (extremely poisoned) and a centaur.

Vanquished Creatures
  2 hornets (D)
  A wyvern (D)
  A wraith (D)
  An ogre (D)
  A hound (D)
  An ufetubus (D)
  2 orcs (D)
  An endoplasm (D)
  A goblin (D)
  A quokka (D)
  2 kobolds (D)
14 creatures vanquished.

Notes
Turn   | Place    | Note
-------+----------+-------------------------------------------
     0 | D        | Heoruswealwe the Minotaur Fighter began the quest for the
                  | Orb.
     0 | D        | Reached XP level 1. HP: 19/19 MP: 0/0
     6 | D        | Reached skill level 3 in Polearms
    29 | D        | Noticed a hound
    29 | D        | Noticed an ogre
    31 | D        | Reached skill level 4 in Polearms
    31 | D        | Reached XP level 2. HP: 28/28 MP: 1/1
    34 | D        | Killed an ogre
    35 | D        | Reached skill level 7 in Polearms
    35 | D        | Reached XP level 3. HP: 38/38 MP: 2/2
    35 | D        | Reached XP level 4. HP: 45/45 MP: 3/3
    41 | D        | Reached skill level 8 in Polearms
    59 | D        | Found a snail-covered altar of Cheibriados.
    59 | D        | Found a shadowy altar of Dithmenos.
    59 | D        | Found a white marble altar of Elyvilon.
    59 | D        | Found a blossoming altar of Fedhas.
    59 | D        | Found an opulent altar of Gozag.
    60 | D        | Found a hazy altar of Hepliaklqana.
    61 | D        | Found a viscous altar of Jiyva.
    62 | D        | Found an ancient bone altar of Kikubaaqudgha.
    63 | D        | Found a corrupted altar of Lugonu.
    64 | D        | Found a burning altar of Makhleb.
    65 | D        | Found a sparkling altar of Nemelex Xobeh.
    66 | D        | Found an iron altar of Okawaru.
    67 | D        | Became a worshipper of Gozag Ym Sagoz the Greedy
    68 | D        | Found a stormy altar of Qazlal.
    69 | D        | Found a sacrificial altar of Ru.
    70 | D        | Found a shimmering blue altar of Sif Muna.
    71 | D        | Found a bloodstained altar of Trog.
    72 | D        | Found a hide-covered altar of Uskayaw.
    73 | D        | Found a radiant altar of Vehumet.
    74 | D        | Found an ornate altar of the Wu Jian Council.
    75 | D        | Found a shimmering altar of Xom.
    76 | D        | Found a basalt altar of Yredelemnul.
    77 | D        | Found a glowing silver altar of Zin.
    78 | D        | Found a glowing golden altar of the Shining One.
   109 | D        | Noticed a centaur
   109 | D        | Noticed a troll
   109 | D        | Noticed a hornet
   109 | D        | Noticed a wyvern
   109 | D        | Noticed a hornet
   109 | D        | Noticed a wraith
   115 | D        | Killed a wraith
   116 | D        | Reached skill level 11 in Polearms
   116 | D        | Reached XP level 5. HP: 22/56 MP: 4/4
   116 | D        | Reached XP level 6. HP: 25/62 MP: 5/5
   123 | D        | Killed a hornet
   123 | D        | HP: 3/62 [wyvern (3)]
   124 | D        | Reached skill level 12 in Polearms
   127 | D        | Killed a wyvern
   128 | D        | Reached skill level 10 in Fighting
   128 | D        | Reached skill level 13 in Polearms
   128 | D        | Reached skill level 10 in Armour
   128 | D        | Reached XP level 7. HP: 37/72 MP: 6/6
   131 | D        | Killed a hornet
   132 | D        | Reached skill level 14 in Polearms
   134 | D        | Mangled by a troll

Illustrated notes

Levels and vault maps discovered:
D:        linesprint [early_d, line_temple, items_1, d_10, items_2, lair_1,
          lair_end, items_3, orc_1, orc_end, items_4, d_15, swamp_1, shoals_1,
          snake_1, spider_1, d_20, vaults_1, items_5, swamp_end, shoals_end,
          snake_end, spider_end, vaults_end, d_27, items_6, zot_1, zot_end,
          crypt_end, forest_end, elf_end, slime_end, tomb_end, abyss_end,
          pan_hell_end]

Skill      XL: |  1  2  3  4  5  6  7 |
---------------+----------------------+-----
Polearms       | 4 7 11 13 14 | 14.3
Fighting       | 4 6 8 10 | 10.8
Armour         | 4 6 8 10 | 10.8
Shields        | |  3.6

Action                     |  1- 3 |  4- 6 |  7- 9 || total
---------------------------+-------+-------+-------++-------
  Melee: Trident           |    14 |    12 |       ||    26
         Headbutt          |     2 |     1 |     1 ||     4
         Halberd           |       |    16 |     7 ||    23
    Use: Potion            |     1 |     2 |       ||     3
 Armour: Scale mail        |     4 |    10 |     2 ||    16
  Dodge: Dodged            |     3 |    16 |     3 ||    22
  Block: Buckler           |       |     3 |       ||     3
